 Dungeon Crawl Stone Soup version 0.28-a0-631-g0446da8ef9 (webtiles) character file.

Game seed: 10568754785293069628

23 omnomnOMINOUS the Sneak (level 3, -3/23 HPs)
             Began as an Octopode Wanderer on Sept 29, 2021.
             Was a Follower of Yredelemnul.
             Slain by an iguana (7 damage)
             ... on level 2 of the Dungeon on Oct 9, 2021.
             The game lasted 00:02:26 (952 turns).

omnomnOMINOUS the Sneak (Octopode Wanderer)          Turns: 952, Time: 00:02:26

Health: -3/23      AC:  1    Str: 11    XL:     3   Next: 0%
Magic:  6/6        EV: 13    Int: 13    God:    Yredelemnul [*.....]
Gold:   16         SH:  0    Dex: 13    Spells: 3/6 levels left

rFire   . . .      SeeInvis .   a - +0 dagger (venom)
rCold   . . .      Faith    .   (no shield)
rNeg    . . .      Spirit   .   (helmet restricted)
rPois   .          Reflect  .   (no amulet)
rElec   .          Harm     .   (no ring)
rCorr   .          Rampage  .   (no ring)
Will    .....                   (no ring)
Stlth   +++.......              (no ring)
HPRegen 0.07/turn               (no ring)
MPRegen 0.10/turn               (no ring)
                                (no ring)
                                (no ring)

@: no status effects
A: almost no armour, amphibious, 8 rings, camouflage 1, gelatinous body 1,
(nimble swimmer 1), tentacles
a: Renounce Religion, Animate Remains


You were on level 2 of the Dungeon.
You worshipped Yredelemnul.
Yredelemnul was aware of your devotion.
You visited 1 branch of the dungeon, and saw 2 of its levels.

You collected 16 gold pieces.

Inventory:

Hand Weapons
 a - a +0 dagger of venom (weapon)
 b - a +0 spear
Scrolls
 e - a scroll of identify {unknown}
Potions
 c - a potion of ambrosia {unknown}
 d - a potion of curing


   Skills:
 + Level 1.4 Fighting
 - Level 1.0 Polearms
 + Level 2.6 Dodging
 - Level 2.6 Stealth
 - Level 2.0 Spellcasting
 + Level 0.8 Conjurations
 - Level 1.0 Hexes
 - Level 2.0 Air Magic


You had 3 spell levels left.
You knew the following spells:

 Your Spells              Type           Power      Damage    Failure   Level
a - Magic Dart            Conj           12%        1d3       19%         1
b - Blink                 Tloc           N/A        N/A       36%         2

Your spell library contained the following spells:

 Spells                   Type           Power      Damage    Failure   Level
 Slow                     Hex            3%         N/A       26%         2
 Call Imp                 Summ           1%         N/A       36%         2
 Mephitic Cloud           Conj/Pois/Air  3%         N/A       45%         3
 Conjure Flame            Conj/Fire      2%         6-21      54%         3


Dungeon Overview and Level Annotations

Branches:
Dungeon (2/15)

Altars:
Nemelex Xobeh
Yredelemnul


Innate Abilities, Weirdness & Mutations

You cannot wear most types of armour.
You are amphibious.
You can wear up to eight rings at the same time.
Your skin changes colour to match your surroundings (Stealth+).
Your rubbery body absorbs attacks. (AC +1, EV +1)
((You are camouflaged near water. (Stealth+)))
You have tentacles for arms and can constrict up to eight enemies at once.


Message History

Found a stone staircase leading up.
There is a stone staircase leading up here.
An endoplasm comes into view.
The helpless endoplasm fails to defend itself.
You puncture the endoplasm!
You kill the endoplasm!
Yredelemnul accepts your kill.
You have reached level 3!
Your experience leads to an increase in your attributes!
Increase (S)trength, (I)ntelligence, or (D)exterity?
You feel clever.
Found a sparkling altar of Nemelex Xobeh.
No target in view!
No target in view!
Found a whip.
Found a chain mail.
No target in view!
Found a stone staircase leading down.
No target in view!
You open the door.
There is an open door here.
An iguana comes into view.
Found a stone staircase leading up.
You hit the iguana.
The iguana is poisoned.
You grab the iguana.
The iguana is lightly wounded.
You constrict the iguana, but do no damage.
The iguana bites you!
Ouch! That really hurt!
You are too injured to fight recklessly!
You are too injured to fight recklessly!
You are too injured to fight recklessly!
You completely miss the iguana.
The iguana is moderately wounded.
You constrict the iguana. The iguana bites you.
* * * LOW HITPOINT WARNING * * *
You hit the iguana. You squeeze the iguana.
The iguana is severely wounded.
You constrict the iguana. The iguana bites you!
You die...
Your body rises from the dead as a mindless zombie.

#...........#....... ..
#...........#.......
..###...........#.......
...........##...#.......
...........# ...#####.[.
..........?# ...........
...........+ ...........
...........#.###.......#
.......@.....###.......#
#......l.............#..
.............##.........
.#.................).##.
#..<............_......
..###...................
.. ....................
.....................
...........#.#....


You could see an iguana (very poisoned).

Vanquished Creatures
  3 ball pythons (D:1)
  3 endoplasms
  A giant cockroach (D:1)
  A goblin (D:1)
  4 hobgoblins (D:1)
  4 kobolds (D:1)
  A quokka (D:1)
  A bat (D:1)
  2 frilled lizards (D:1)
  2 rats (D:1)
22 creatures vanquished.

Notes
Turn   | Place    | Note
-------+----------+-------------------------------------------
     0 | D:1      | omnomnOMINOUS the Octopode Wanderer began the quest for the
                  | Orb.
     0 | D:1      | omnomnOMINOUS set off with the following items: a +0
                  | dagger, 2 potions of curing; and the following spell
                  | memorised: Magic Dart; and the following spells available
                  | to memorise: Slow, Blink, Call Imp, Mephitic Cloud, Conjure
                  | Flame
     0 | D:1      | Reached XP level 1. HP: 11/11 MP: 3/3
     0 | D:1      | Upgraded the game from 0.28-a0-563-gf77a47075d to
                  | 0.28-a0-631-g0446da8ef9
   181 | D:1      | Reached skill level 1 in Fighting
   181 | D:1      | Reached XP level 2. HP: 18/18 MP: 5/5
   186 | D:1      | Learned a level 2 spell: Blink
   534 | D:1      | Found a faded altar of an unknown god.
   554 | D:1      | Became a worshipper of Yredelemnul the Dark
   554 | D:1      | Reached * piety under Yredelemnul
   902 | D:2      | Reached XP level 3. HP: 23/23 MP: 6/6
   907 | D:2      | Found a sparkling altar of Nemelex Xobeh.
   952 | D:2      | Slain by an iguana

Illustrated notes

Levels and vault maps discovered:
D:1:      lemuel_arrival_broad_hall, layout_basic,
          shapermc_ecumenical_altar_venn
D:2:      layout_basic, basic_altar, uniq_sigmund

Skill      XL: |  1 |
---------------+----+-----
Fighting       | 1 |  1.4
Polearms       | |  1.0
Dodging        | |  2.6
Stealth        | |  2.6
Spellcasting   | |  2.0
Conjurations   | |  0.8
Hexes          | |  1.0
Air Magic      | |  2.0

Action                   || total
-------------------------++-------
Melee: Dagger            ||    40
       Constrict         ||    10
       Tentacles         ||     5
 Cast: Magic Dart        ||     2
  Use: Potion            ||     1
 Stab: Sleeping          ||    11
Armor: Skin              ||     2
Dodge: Dodged            ||    17

Table legend: (Time is in decaauts)
 A = Elapsed time spent in this place.
 B = Non-inter-level travel time spent in this place.
 C = Inter-level travel time spent in this place.
 D = Time resting spent in this place.
 E = Time spent auto-exploring this place.
 F = Levels seen in this place.
 G = Mean time per level.
                   A        B        C        D        E       F      G
               +--------+--------+--------+--------+--------+-----+--------+
         Total |    951 |    932 |     19 |      0 |    742 |   2 |  475.5 |
       Dungeon |    951 |    932 |     19 |      0 |    742 |   2 |  475.5 |
               +--------+--------+--------+--------+--------+-----+--------+

Top non-repeatable levels by time:
     D:1: 892 daAuts
     D:2: 58 daAuts
